 Dungeon Crawl Stone Soup version 0.20.1-1-g8b1a95d (webtiles) character file.

445 empire the Conjurer (level 7, -5/41 HPs)
             Began as an Octopode Wizard on Sept 15, 2017.
             Slain by an ice beast (7 damage)
             ... on level 5 of the Dungeon.
             The game lasted 00:11:29 (6124 turns).

empire the Conjurer (Octopode Wizard)               Turns: 6124, Time: 00:11:30

Health: -5/41      AC:  1    Str:  7    XL:     7   Next: 3%
Magic:  2/11       EV: 15    Int: 21    God:
Gold:   211        SH:  0    Dex: 11    Spells: 4/12 levels left

rFire    . . .     SeeInvis .   b - +2 mace (protect)
rCold    . . .     Gourm    .   (no shield)
rNeg     . . .     Faith    .   d - +0 hat
rPois    .         Spirit   .   (no amulet)
rElec    .         Reflect  .   n - +5 ring of evasion
rCorr    .         Harm     .   v - ring of protection from magic
MR       +....                  (no ring)
Stlth    +++.......             (no ring)
Regen    0.2/turn               (no ring)
MPRegen  0.2/turn               (no ring)
                                (no ring)
                                (no ring)

@: constricted
A: almost no armour, stealthy swim, amphibious, 8 rings, constrict 8, camouflage
1, gelatinous body 1
a: no special abilities


You were on level 5 of the Dungeon.
You were very hungry.

You visited 1 branch of the dungeon, and saw 5 of its levels.

You collected 211 gold pieces.

Inventory:

Hand Weapons
 a - a +2 dagger of electrocution
 b - a +2 mace of protection (weapon)
 j - a +1 flail of venom
 p - a cursed -1 short sword
 s - a +2 falchion of electrocution
 t - a +0 dagger of holy wrath
Armour
 d - a +0 hat (worn)
Magical Staves
 h - an uncursed staff of poison {unknown}
Jewellery
 n - a +5 ring of evasion (left tentacle)
 v - a ring of protection from magic (right tentacle)
Wands
 r - a wand of iceblast (4/15)
Scrolls
 e - 3 scrolls of random uselessness {unknown}
 i - a scroll of immolation {unknown}
 o - 3 scrolls of magic mapping {unknown}
 q - a scroll of remove curse {unknown}
 w - 2 scrolls of identify
Potions
 k - 2 potions of mutation {unknown}
 m - a potion of curing
 u - a potion of brilliance {unknown}
Books
 l - a book of Minor Magic

   Spells                             Type                      Level
   a - Magic Dart                     Conjuration                  1
   b - Blink                          Translocation                2
   c - Call Imp                       Summoning                    2
   d - Slow                           Hexes                        2
   e - Conjure Flame                  Conjuration/Fire             3
   f - Mephitic Cloud                 Conjuration/Poison/Air       3
Comestibles
 c - 7 bread rations
 f - 6 fruits


   Skills:
 - Level 2.0 Dodging
 - Level 2.6 Stealth
 - Level 3.0 Spellcasting
 - Level 5.0 Conjurations
 - Level 4.2 Summonings
 + Level 2.4 Translocations


You had 4 spell levels left.
You knew the following spells:

 Your Spells              Type           Power        Failure   Level  Hunger
a - Magic Dart            Conj           ###.         1%          1    None
b - Blink                 Tloc           N/A          8%          2    ##.....
c - Call Imp              Summ           ###.....     3%          2    ##.....
d - Mephitic Cloud        Conj/Pois/Air  ##......     21%         3    ###....


Dungeon Overview and Level Annotations

Branches:
Dungeon (5/15)
 Temple: D:4-7

Altars:
Ashenzari
Ru

Shops:
D:5 %


Innate Abilities, Weirdness & Mutations

You cannot wear most types of armour.
You are very stealthy in the water. (Stealth+)
You are amphibious.
You can wear up to eight rings at the same time.
You can use your tentacles to constrict eight enemies at once.
Your skin changes colour to match your surroundings (Stealth+).
Your rubbery body absorbs attacks. (AC +1, EV +1)


Message History

Orders for allies: a - Attack new target. p - Attack previous target. r - Retreat! s - Stop attacking. g - Guard the area. f - Follow me.
Anything else - Cancel.
Gang up on whom?
Press: ? - help, Dir - move target cursor, f/p - ice beast
Aim: an ice beast (heavily wounded) Attack!
The ice beast hits you. The ice beast freezes you!
* * * LOW HITPOINT WARNING * * *
The ball python bites you.
* * * LOW HITPOINT WARNING * * *
The ball python closely misses you.
Your white imp hits the ice beast.
Your white imp freezes the ice beast.
The ice beast completely resists.
Your crimson imp hits the ice beast but does no damage.
You feel better. The ball python misses you. The ball python grabs you.
* * * LOW HITPOINT WARNING * * *
The ball python constricts you. The ice beast hits you.
* * * LOW HITPOINT WARNING * * *
The ice beast freezes you!
You die...

.......#########
.....5...#.....##
................##
./...............#
...$.............# #######
#....≈.≈.........# #.....#
#...≈≈.≈≈........# #.....#
##..≈≈∩≈≈........###.....#
#..≈≈≈≈≈.......@S.......###..
.....≈≈≈......[5Y..............
####...........5.5.............
#........#.####.....).......
#.(.....................#...
.........####.#.......#.....
........#..(.........#.#...
.$.......##...........#..
...........#......#.#


You could see an ice beast, a ball python, 2 friendly crimson imps and a
friendly white imp.

Vanquished Creatures
  A scorpion (D:4)
  A hound (D:4)
  An orc wizard (D:4)
  An orc priest (D:4)
  2 worker ants (D:4)
  10 gnolls
  8 adders
  An ooze (D:2)
  A worm (D:3)
  2 dart slugs
  A leopard gecko (D:4)
  9 orcs
  2 ball pythons
  8 bats
  3 giant cockroaches
  10 goblins
  4 hobgoblins
  2 quokkas (D:3)
  6 frilled lizards
  3 kobolds
  A leopard gecko skeleton (D:4)
  A quokka skeleton (D:5)
  4 rats
82 creatures vanquished.

Vanquished Creatures (collateral kills)
  A worker ant (D:4)
  A gnoll (D:3)
  4 orcs
  A bat (D:3)
7 creatures vanquished.

Vanquished Creatures (others)
  An ogre (D:5)
  An orc wizard (D:5)
  A worker ant (D:5)
  A gnoll (D:5)
  2 adders (D:5)
  A leopard gecko (D:5)
  An orc (D:5)
  A bat (D:3)
  A frilled lizard (D:5)
10 creatures vanquished.

Grand Total: 99 creatures vanquished

Notes
Turn   | Place    | Note
-------+----------+-------------------------------------------
     0 | D:1      | empire the Octopode Wizard began the quest for the Orb.
     0 | D:1      | Reached XP level 1. HP: 11/11 MP: 4/4
   303 | D:1      | Reached skill level 2 in Conjurations
   303 | D:1      | Reached XP level 2. HP: 17/17 MP: 1/6
  1029 | D:2      | Reached skill level 3 in Conjurations
  1029 | D:2      | Reached XP level 3. HP: 14/21 MP: 3/7
  1456 | D:2      | Learned a level 2 spell: Blink
  1459 | D:2      | Learned a level 2 spell: Call Imp
  1463 | D:2      | Learned a level 3 spell: Mephitic Cloud
  1497 | D:2      | Reached XP level 4. HP: 20/27 MP: 5/8
  2104 | D:2      | Reached skill level 4 in Conjurations
  2275 | D:3      | HP: 1/27 [orc/short sword (7)]
  3078 | D:3      | Reached XP level 5. HP: 31/31 MP: 9/9
  3610 | D:3      | Found a sacrificial altar of Ru.
  3767 | D:4      | Reached skill level 5 in Conjurations
  3805 | D:4      | Found a shattered altar of Ashenzari.
  4492 | D:4      | Reached XP level 6. HP: 5/36 MP: 0/10
  5724 | D:4      | Reached XP level 7. HP: 26/41 MP: 2/11
  6013 | D:5      | Entered Level 5 of the Dungeon
  6089 | D:5      | Found Igeclit's Food Shoppe.
  6123 | D:5      | HP: 2/41 [ball python (1)]
  6124 | D:5      | Slain by an ice beast

Skill      XL: |  1  2  3  4  5  6 |
---------------+-------------------+-----
Conjurations   | 2 3 4 5 |  5.0
Summonings     | 2 4 |  4.2
Translocations | 2 |  2.4
Dodging        | |  2.0
Stealth        | |  2.6
Spellcasting   | |  3.0

Action                   |  1- 3 |  4- 6 |  7- 9 || total
-------------------------+-------+-------+-------++-------
Melee: Dagger            |    45 |    40 |       ||    85
       Constrict         |     6 |    20 |       ||    26
       Tentacles         |     4 |     9 |       ||    13
       Mace              |       |    39 |       ||    39
 Cast: Magic Dart        |    17 |   103 |     5 ||   125
       Call Imp          |       |    22 |     6 ||    28
  Use: Scroll            |       |     4 |       ||     4
       Potion            |       |     3 |     1 ||     4
 Stab: Sleeping          |     4 |     5 |       ||     9
       Distracted        |       |     1 |       ||     1
  Eat: Chunk             |     2 |    13 |     1 ||    16
Armor: Skin              |     4 |    14 |       ||    18
Dodge: Dodged            |    22 |   116 |     9 ||   147
